 Seeded DCSS version 0.29-a0-472-ge5599a681e (webtiles) character file.

Game seed: 6774861435536819975 (custom seed)

466 bwicke the Changer (level 7, -2/43 HPs)
             Began as an Octopode Transmuter on May 22, 2022.
             Slain by a bullfrog (4 damage)
             ... in a sewer.
             The game lasted 00:14:33 (4649 turns).

bwicke the Changer (Octopode Transmuter)            Turns: 4649, Time: 00:14:35

Health: -2/43      AC:  5    Str: 10    XL:     7   Next: 8%
Magic:  9/10       EV: 13    Int: 17    God:
Gold:   120        SH:  0    Dex: 12    Spells: 6/10 levels left

rFire   + . .      SeeInvis .   k - +2 short sword (venom)
rCold   . . .      Faith    .   (no shield)
rNeg    . . .      Spirit   .   (helmet currently unavailable)
rPois   .          Reflect  .   (no amulet)
rElec   .          Harm     .   j - ring of protection from fire
rCorr   .          Rampage  .   t - +4 ring of protection
Will    .....                   (no ring)
Stlth   +++.......              (no ring)
HPRegen 0.14/turn               (no ring)
MPRegen 0.12/turn               (no ring)
                                (no ring)
                                (no ring)

@: appendages
A: tentacle spike 3, almost no armour, amphibious, 8 rings, camouflage 1,
gelatinous body 1, nimble swimmer 1, tentacles
a: End Transformation


You were in a sewer.
One of your tentacles had grown a beastly spike.
You visited 1 branch of the dungeon, and saw 4 of its levels.
You also visited: Sewer.

You collected 120 gold pieces.

Inventory:

Hand Weapons
 c - a +0 dagger
 d - a +0 dagger
 k - a +2 short sword of venom (weapon)
 o - a +0 spear
Missiles
 b - 14 poisoned darts
 h - 2 throwing nets
Jewellery
 j - a ring of protection from fire (left tentacle)
 t - a +4 ring of protection (right tentacle)
 u - a ring of ice
Scrolls
 f - 2 scrolls of teleportation {unknown}
 i - 2 scrolls of identify {unknown}
 l - a scroll of fear {unknown}
 n - a scroll of blinking {unknown}
 q - a scroll of torment {unknown}
Potions
 a - 2 potions of lignification
 e - a potion of heal wounds {unknown}
 g - a potion of haste {unknown}
 m - a potion of curing {unknown}
 p - a potion of cancellation {unknown}
 r - 2 potions of flight {unknown}
 v - a potion of might
Miscellaneous
 s - a piece from Xom's chessboard (15/15)


   Skills:
 - Level 1.0 Fighting
 - Level 2.0 Dodging
 - Level 3.0 Unarmed Combat
 - Level 2.0 Spellcasting
 + Level 5.9 Transmutations
 - Level 5.0 Poison Magic


You had 6 spell levels left.
You knew the following spells:

 Your Spells              Type           Power      Damage    Failure   Level
a - Beastly Appendage     Tmut           42%        N/A       1%          1
b - Spider Form           Tmut/Pois      20%        N/A       6%          3

Your spell library contained the following spells:

 Spells                   Type           Power      Damage    Failure   Level
 Wereblood                Tmut           21%        N/A       2%          2
 Scorch                   Fire           2%         2d5       28%         2
 Sublimation of Blood     Necr           1%         N/A       28%         2
 Ice Form                 Ice/Tmut       11%        N/A       50%         4
 Petrify                  Tmut/Erth      11%        N/A       50%         4
 Irradiate                Conj/Tmut      5%         3d15      85%         5
 Flame Wave               Conj/Fire      1%         2d4       88%         4
 Summon Cactus Giant      Summ           0%         N/A       100%        6


Dungeon Overview and Level Annotations

Branches:
Dungeon (4/15)              Sewer (1/1)
 Temple: D:4-7

Altars:
Okawaru
Xom

Shops:
D:3 (


Innate Abilities, Weirdness & Mutations

One of your tentacles has grown a beastly spike.
You cannot wear most types of armour.
You are amphibious.
You can wear up to eight rings at the same time.
Your skin changes colour to match your surroundings (Stealth+).
Your rubbery body absorbs attacks. (AC +1, EV +1)
You are camouflaged when in or above water. (Stealth+)
You have tentacles for arms and can constrict up to eight enemies at once.


Message History

One of your tentacles grows a vicious spike.
You feel sick. The bullfrog misses you. The quokka completely misses you.
The bullfrog hits you.
The bullfrog hits you but does no damage.
The quokka closely misses you.
You hit the bullfrog.
The bullfrog is poisoned.
Your grab misses the bullfrog. You squeeze the bullfrog!
The bullfrog is heavily wounded.
You feel sick.
The bullfrog hits you but does no damage.
The bullfrog hits you. The quokka barely misses you. The bullfrog misses you.
You closely miss the bullfrog. Your grab misses the bullfrog.
You pierce the bullfrog, but do no damage.
You feel sick.
You are no longer poisoned.
The bullfrog hits you but does no damage.
The bullfrog hits you! The quokka barely misses you.
The bullfrog hits you but does no damage. x2
You hit the bullfrog.
The bullfrog is poisoned.
You grab the bullfrog. You squeeze the bullfrog!
The bullfrog is severely wounded.
You constrict the bullfrog.
The quokka splashes around in the water.
The bullfrog barely misses you. x2
The quokka splashes around in the water.
You hit the quokka. You grab the quokka.
You pierce the quokka.
You kill the quokka!
You constrict the bullfrog. The bullfrog hits you. x2
* * * LOW HITPOINT WARNING * * *
The bullfrog hits you but does no damage.
The bullfrog hits you.
* * * LOW HITPOINT WARNING * * *
You hit the bullfrog. Your grab misses the bullfrog.
The bullfrog is severely wounded.
You constrict the bullfrog.
The bullfrog releases a deep croak.
The bullfrog hits you.
* * * LOW HITPOINT WARNING * * *
The bullfrog hits you.
You die...

≈# #≈≈≈≈.# ≈#
≈≈≈≈≈≈≈≈≈≈≈####≈≈≈≈.# .#
≈≈≈≈≈≈≈≈≈≈≈≈≈≈##≈≈≈≈≈# .#
≈≈≈≈≈≈≈≈≈≈.∩≈≈≈≈#≈≈≈≈.# ≈#
≈≈≈≈≈≈..≈≈≈..≈≈≈≈≈≈≈≈≈≈# ≈#
≈≈≈≈≈..$?≈.≈≈≈≈≈≈≈≈≈≈≈≈# .#
≈≈≈≈≈.?!/≈..≈≈≈≈≈≈≈≈≈≈.# .#
≈≈≈≈≈≈≈}.F†.≈≈≈≈≈≈≈≈≈≈≈# .#
≈≈≈≈≈≈≈≈≈F@≈≈≈≈≈≈≈≈≈≈≈≈# †#
≈≈≈≈≈≈≈≈≈.≈≈≈≈≈≈≈≈≈≈≈≈.# ≈#
≈≈≈≈≈≈≈≈≈≈≈≈≈≈≈≈≈≈.≈≈≈.#
.#######≈≈≈≈≈≈≈≈≈≈≈≈≈≈≈≈.≈≈≈.#
..≈.........≈≈≈≈≈≈≈≈≈≈..≈≈≈≈.#
≈≈≈≈≈≈†≈≈≈≈≈≈≈≈≈≈≈≈≈≈≈≈≈†≈≈≈.#
≈≈≈≈≈≈≈≈≈≈≈≈≈≈≈≈≈≈≈≈≈≈≈≈≈≈≈≈.#
≈≈≈≈≈†≈≈≈≈≈≈≈≈≈≈≈≈≈≈≈≈≈≈≈≈≈..#
≈≈≈≈........................##


You could see 2 bullfrogs.

Vanquished Creatures
  Sigmund (D:2)
  An orc priest (D:4)
  Natasha (thrice) (D:2)
  An iguana (D:4)
  An orc wizard (D:3)
  A gnoll (D:3)
  4 adders (Sewer)
  A worm (D:3)
  2 dart slugs
  8 orcs
  3 endoplasms (D:1)
  16 giant cockroaches
  9 goblins
  A hobgoblin (D:2)
  8 quokkas
  10 ball pythons
  7 bats
  11 frilled lizards
  6 kobolds
  4 rats
98 creatures vanquished.

Notes
Turn   | Place    | Note
-------+----------+-------------------------------------------
     0 | D:1      | bwicke the Octopode Transmuter began the quest for the Orb.
     0 | D:1      | Reached XP level 1. HP: 13/13 MP: 3/3
   134 | D:1      | Reached XP level 2. HP: 10/18 MP: 3/5
   751 | D:1      | Found a faded altar of an unknown god.
  1350 | D:1      | Reached XP level 3. HP: 19/23 MP: 4/6
  1548 | D:2      | Noticed Natasha
  1561 | D:2      | HP: 1/23 [Natasha/magic dart (9)]
  1562 | D:2      | Killed Natasha
  2003 | D:2      | Noticed Sigmund
  2488 | D:1      | Learned a level 3 spell: Spider Form
  2498 | D:2      | Killed Sigmund
  2499 | D:2      | Reached skill level 5 in Poison Magic
  2499 | D:2      | Reached XP level 4. HP: 28/28 MP: 4/7
  2499 | D:2      | Reached XP level 5. HP: 33/33 MP: 4/8
  2652 | D:2      | Noticed Natasha
  2663 | D:2      | Killed Natasha
  2664 | D:2      | Reached XP level 6. HP: 19/38 MP: 7/9
  2744 | D:2      | Noticed Natasha
  2751 | D:2      | Killed Natasha
  3969 | D:3      | Found Synli's Weapon Boutique.
  4043 | D:3      | Reached skill level 5 in Transmutations
  4050 | D:3      | Found an iron altar of Okawaru.
  4169 | D:4      | Found a shimmering altar of Xom.
  4451 | D:4      | Found a glowing drain.
  4479 | Sewer    | Entered a sewer
  4589 | Sewer    | Reached XP level 7. HP: 43/43 MP: 10/10
  4649 | Sewer    | HP: 2/43 [bullfrog (6)]
  4649 | Sewer    | Slain by a bullfrog

Illustrated notes

Levels and vault maps discovered:
D:1:      nzn_arrival_water_spiral, layout_basic, basic_ecumenical_altar
D:2:      layout_loops_corners, uniq_natasha, uniq_sigmund
D:3:      layout_basic, okawaru_altar_gauntlet_db, serial_shops, shop_statue
D:4:      layout_loops_ring, xom_butterflies, gup_sewer_entry_pipe,
          nicolae_elevator_lobby_asterisk, uniq_pikel
Sewer:    sewer_frog_island_01

Skill      XL: |  1  2  3  4  5  6 |
---------------+-------------------+-----
Transmutations | 3 4 5 |  5.9
Poison Magic   | 5 |  5.0
Fighting       | |  1.0
Dodging        | |  2.0
Unarmed Combat | |  3.0
Spellcasting   | |  2.0

Action                   |  1- 3 |  4- 6 |  7- 9 || total
-------------------------+-------+-------+-------++-------
Melee: Unarmed           |    75 |       |       ||    75
       Kick              |    11 |    16 |     2 ||    29
       Constrict         |    16 |    27 |     4 ||    47
       Tentacles         |    12 |    22 |     3 ||    37
       Punch             |     1 |     2 |       ||     3
       Short sword       |       |   105 |    24 ||   129
Throw: Dart              |     2 |     1 |       ||     3
 Cast: Beastly Appendage |    13 |    11 |     1 ||    25
       Spider Form       |     1 |       |       ||     1
 Stab: Sleeping          |     7 |     5 |       ||    12
Armor: Skin              |     6 |    17 |    11 ||    34
Dodge: Dodged            |    53 |    48 |    23 ||   124

Table legend: (Time is in decaauts)
 A = Elapsed time spent in this place.
 B = Non-inter-level travel time spent in this place.
 C = Inter-level travel time spent in this place.
 D = Time resting spent in this place.
 E = Time spent auto-exploring this place.
 F = Levels seen in this place.
 G = Mean time per level.
                   A        B        C        D        E       F      G
               +--------+--------+--------+--------+--------+-----+--------+
         Total |   4657 |   4550 |    107 |    647 |   2769 |   5 |  931.4 |
       Dungeon |   4482 |   4375 |    107 |    647 |   2769 |   4 | 1120.5 |
         Sewer |    174 |    174 |      0 |      0 |      0 |   1 |  174.0 |
               +--------+--------+--------+--------+--------+-----+--------+

Top non-repeatable levels by time:
     D:1: 1817 daAuts
     D:2: 1511 daAuts
     D:3: 842 daAuts
     D:4: 311 daAuts
   Sewer: 174 daAuts
